 Dungeon Crawl Stone Soup version 0.30.1-9-gdf580d7c3d (webtiles) character file.

Game seed: 4823527422771743001

409 Psyclone the Stinger (level 6, 0/54 HPs)
             Began as an Octopode Venom Mage on Sept 24, 2023.
             Was an Initiate of Ashenzari.
             Succumbed to an adder's poison
             ... in a sewer.
             The game lasted 00:15:09 (3845 turns).

Psyclone the Stinger (Octopode Venom Mage)          Turns: 3845, Time: 00:15:10

Health: 0/54       AC:  1    Str:  7    XL:     6   Next: 89%
Magic:  1/12       EV: 13    Int: 19    God:    Ashenzari [......]
Gold:   61         SH:  0    Dex: 13    Spells: 3/13 levels left

rFire   . . .        k - +0 dagger
rCold   . . .        (no shield)
rNeg    . . .        (helmet restricted)
rPois   .            (no amulet)
rElec   .            b - ring of see invisible
rCorr   .            e - ring of wizardry
SInv    +            (no ring)
Will    .....        (no ring) Stlth
                     (no ring)
HPRegen 0.29/turn    (no ring)
MPRegen 0.13/turn    (no ring)
                     (no ring)

%: wizardry (x1)
@: berserking (expiring), lethally poisoned (0 -> -3), very quick
A: almost no armour, amphibious, 8 rings, camouflage 1, gelatinous body 1,
(nimble swimmer 1), tentacles
a: Renounce Religion


You were in a sewer.
You worshipped Ashenzari.
Ashenzari was noncommittal.
You visited 1 branch of the dungeon, and saw 3 of its levels.
You also visited: Sewer.

You collected 141 gold pieces.
You spent 80 gold pieces at shops.

Inventory:

Hand Weapons
 k - a +0 dagger (weapon)
Missiles
 l - 2 throwing nets {!f}
Jewellery
 b - a ring of see invisible (left tentacle)
 e - a ring of wizardry (right tentacle)
Scrolls
 c - a scroll of amnesia {unknown}
 f - a scroll of enchant weapon
 g - a scroll of teleportation
 h - 2 scrolls of noise
 i - a scroll of immolation
 j - a scroll of enchant armour {unknown}
 o - a scroll of acquirement {unknown}
 p - 2 scrolls of blinking {unknown}
 q - a scroll of identify {@r1}
 t - a scroll of brand weapon {unknown}
 v - a scroll of vulnerability {unknown}
Potions
 a - a potion of magic
 m - 2 potions of resistance
 n - a potion of attraction
 r - a potion of heal wounds {unknown}
 s - a potion of brilliance {unknown}
 u - a potion of haste {unknown}


   Skills:
 - Level 2.0 Dodging
 - Level 2.6 Stealth
 + Level 4.3 Spellcasting
 - Level 1.0 Transmutations
 - Level 7.3 Poison Magic


You had 3 spell levels left.
You knew the following spells:

 Your Spells              Type           Power      Damage    Failure   Level
a - Poisonous Vapours     Pois/Air       36%        N/A       1%          2
d - Mephitic Cloud        Conj/Pois/Air  13%        N/A       6%          3
v - Sting                 Tmut/Pois      80%        1d7       1%          1
x - Olgreb's Toxic Radia  Pois           32%        N/A       2%          4

Your spell library contained the following spells:

 Spells                   Type           Power      Damage    Failure   Level


Dungeon Overview and Level Annotations

Branches:
Dungeon (3/15) Zot: 14983   Sewer (1/1) Zot: 5173

Altars:
Ashenzari
Dithmenos

Shops:
D:2 :?*


Innate Abilities, Weirdness & Mutations

You cannot wear most types of armour.
You are amphibious.
You can wear up to eight rings at the same time.
Your skin changes colour to match your surroundings (Stealth+).
Your rubbery body absorbs attacks. (AC +1, EV +1)
((You are camouflaged when in or above water. (Stealth+)))
You have tentacles for arms and can constrict up to eight enemies at once.


Message History

You take 1 damage, and have 6/36 hp.
Casting: Poisonous Vapours (safe; 1% risk of failure)
Confirm with . or Enter, or press ? or * to list all spells.
You don't have enough magic to cast this spell.
You barely miss the adder. Your grab misses the adder.
Your squeeze misses the adder.
The adder is severely wounded.
The adder bites you.
* * * LOW HITPOINT WARNING * * *
You take 2 damage, and have 4/36 hp.
Casting: Poisonous Vapours (safe; 1% risk of failure)
Confirm with . or Enter, or press ? or * to list all spells.
Aiming: Sting (safe; 1% risk of failure)
Press: ? - help, Shift-Dir - straight line, f - adder
Aim: an adder (severely wounded, 60% to hit)
The sting misses the adder.
The adder bites you.
* * * LOW HITPOINT WARNING * * *
You are lethally poisoned!
The adder poisons you!
You take 1 damage, and have 3/36 hp.
You now have 0/12 mp.
It was a potion of berserk rage.
A red film seems to cover your vision as you go berserk!
You feel yourself moving faster!
You feel mighty!
* * * LOW HITPOINT WARNING * * *
You feel sick. The adder misses you. x2
You now have 3/54 hp.
You are too berserk!
You barely miss the adder. Your grab misses the adder. You squeeze the adder.
You kill the adder!
* * * LOW HITPOINT WARNING * * *
You feel sick.
You take 1 damage, and have 2/54 hp.
You are too berserk!
You are too berserk!
Unknown command.
* * * LOW HITPOINT WARNING * * *
You feel sick.
You take 1 damage, and have 1/54 hp.
You feel a strong urge to attack something.
You die...

#..'..†.# #..#....#
####...## #
##################....#
†.#≈≈≈≈≈≈≈≈≈≈≈≈≈≈~......#
...~~~~~≈≈≈≈≈≈≈≈~~.....##
..~≈~~~~~≈≈~≈≈~~~~~....#
†..~~~~~#≈~≈~~~~~≈.....#
...≈≈~~≈†@.~#~≈~≈~....##
†..≈~≈≈≈†~≈≈≈≈≈≈≈~..###
#####################


There were no monsters in sight!

Vanquished Creatures
  2 bullfrogs (Sewer)
  13 adders
  7 river rats
  2 worms (D:3)
  3 dart slugs (D:1)
  8 endoplasms
  6 giant cockroaches
  5 hobgoblins
  4 jackals (D:2)
  3 quokkas
  16 ball pythons
  7 bats
  4 frilled lizards (D:1)
  4 goblins
  2 kobolds
  24 rats
110 creatures vanquished.

Notes
Turn   | Place    | Note
-------+----------+-------------------------------------------
     0 | D:1      | Psyclone the Octopode Venom Mage began the quest for the
                  | Orb.
     0 | D:1      | Reached XP level 1. HP: 11/11 MP: 3/3
   121 | D:1      | Reached skill level 4 in Poison Magic
   229 | D:1      | Reached XP level 2. HP: 15/17 MP: 0/5
   705 | D:1      | Reached XP level 3. HP: 21/21 MP: 4/6
   739 | D:1      | Reached skill level 5 in Poison Magic
   780 | D:1      | Learned a level 2 spell: Poisonous Vapours
   784 | D:1      | Learned a level 3 spell: Mephitic Cloud
  1408 | D:2      | Found a shadowy altar of Dithmenos.
  1527 | D:2      | Reached XP level 4. HP: 27/27 MP: 4/7
  1805 | D:2      | Found Ujaseina's Book Boutique.
  1843 | D:2      | Reached skill level 6 in Poison Magic
  2078 | D:2      | Found Raurchekh's General Store.
  2199 | D:2      | Found Sepir's Magic Scroll Shoppe.
  2204 | D:2      | Bought a scroll of identify for 20 gold pieces
  2207 | D:2      | Bought a scroll of identify for 20 gold pieces
  2207 | D:2      | Bought a scroll of identify for 20 gold pieces
  2207 | D:2      | Bought a scroll of identify for 20 gold pieces
  2564 | D:3      | Found a broken altar of Ashenzari.
  2608 | D:3      | Became a worshipper of Ashenzari the Shackled
  2655 | D:3      | Reached XP level 5. HP: 27/31 MP: 1/8
  2840 | D:3      | Reached skill level 7 in Poison Magic
  3002 | D:3      | Found a glowing drain.
  3017 | Sewer    | Entered a sewer
  3563 | Sewer    | Reached XP level 6. HP: 18/36 MP: 5/10
  3805 | Sewer    | Learned a level 4 spell: Olgreb's Toxic Radiance
  3842 | Sewer    | HP: 2/54 [poisoned by an adder]
  3845 | Sewer    | Succumbed to an adder's poison

Illustrated notes

Levels and vault maps discovered:
D:1:      dpeg_arrival_radiant, layout_loops_ring, minmay_octomino_j4
D:2:      layout_basic, serial_shops, shop, nicolae_shop_rolled_up, shop,
          basic_altar, amcnicky_mini_rare_corridor_liquid
D:3:      layout_basic, lemuel_tele_altar, ashenzari_conservatory_becter,
          lightli_sewer_entry_pipes, serial_shops, nicolae_shop_trees,
          uniq_robin
Sewer:    sewer_minmay_w

Skill      XL: |  1  2  3  4  5  6 |
---------------+-------------------+-----
Poison Magic   | 4 5 6 7 |  7.3
Spellcasting   | 4 |  4.3
Dodging        | |  2.0
Stealth        | |  2.6
Transmutations | |  1.0

Action                     |  1- 3 |  4- 6 || total
---------------------------+-------+-------++-------
  Melee: Unarmed           |    33 |    13 ||    46
         Constrict         |     7 |    27 ||    34
         Tentacles         |     6 |    31 ||    37
         Punch             |     1 |     2 ||     3
         Dagger            |       |   114 ||   114
   Cast: Sting             |    36 |     2 ||    38
         Poisonous Vapours |    16 |    74 ||    90
         Olgreb's Toxic Ra |       |     2 ||     2
    Use: Scroll            |       |     6 ||     6
         Potion            |       |     2 ||     2
   Stab: Sleeping          |       |     2 ||     2
 Armour: Skin              |     5 |    11 ||    16
  Dodge: Dodged            |    26 |    91 ||   117
